 Dungeon Crawl Stone Soup version 0.32-a0-909-gc671339a80 (webtiles) character file.

Game seed: 11416876929837194616

60 pokeman the Magician (level 3, -4/20 HPs)
             Began as a Deep Elf Hedge Wizard on Apr 6, 2024.
             Slain by a gnoll
             ... wielding a +0 flail
              (11 damage)
             ... on level 3 of the Dungeon on Apr 7, 2024.
             The game lasted 00:03:20 (2147 turns).

pokeman the Magician (Deep Elf Hedge Wizard)        Turns: 2147, Time: 00:03:21

Health: -4/20      AC:  2    Str:  7    XL:     3   Next: 80%
Magic:  2/11       EV: 11    Int: 20    God:
Gold:   70         SH:  0    Dex: 14    Spells: 4/12 levels left

rFire   . . .        k - +2 dagger (venom)
rCold   . . .        (no shield)
rNeg    . . .        b - +0 robe
rPois   .            c - +0 hat
rElec   .            (no cloak)
rCorr   .            (no gloves)
SInv    .            (no boots)
Will    .....        (no amulet)
Stlth   ++           (no ring)
HPRegen 0.23/turn    (no ring)
MPRegen 0.12/turn

%: no passive effects
@: very slightly contaminated
A: no striking features
a: no special abilities


You were on level 3 of the Dungeon.
You visited 1 branch of the dungeon, and saw 3 of its levels.

You collected 70 gold pieces.

Inventory:

Hand Weapons
 k - a +2 dagger of venom (weapon)
Missiles
 a - 5 curare-tipped darts
Armour
 b - a +0 robe (worn)
 c - a +0 hat (worn)
Jewellery
 j - a ring of resist corrosion
Wands
 n - a wand of flame (16)
Scrolls
 e - a scroll of enchant weapon {unknown}
 f - a scroll of teleportation {unknown}
 g - 3 scrolls of revelation {unknown}
Potions
 d - a potion of magic
 h - 2 potions of berserk rage {unknown}
 i - 2 potions of lignification {unknown}
 l - 2 potions of curing {unknown}
 m - a potion of attraction {unknown}


   Skills:
 - Level 1.0 Fighting
 - Level 1.0 Armour
 + Level 2.5 Dodging
 + Level 2.4 Stealth
 * Level 5.4 Spellcasting
 + Level 2.0 Conjurations
 - Level 1.1 Summonings
 - Level 1.1 Translocations


You had 4 spell levels left.
You knew the following spells:

 Your Spells              Type           Power      Damage    Failure   Level
a - Magic Dart            Conj           52%        1d5       4%          1
b - Mephitic Cloud        Conj/Alch/Air  8%         N/A       26%         3
c - Call Imp              Summ           18%        N/A       11%         2
d - Blink                 Tloc           18%        N/A       11%         2

Your spell library contained the following spells:

 Spells                   Type           Power      Damage    Failure   Level
 Slow                     Hex            20%        N/A       11%         1
 Cigotuvi's Dreadful Rot  Necr/Alch/Air  10%        N/A       17%         2
 Call Canine Familiar     Summ           9%         N/A       22%         3
 Summon Ice Beast         Ice/Summ       7%         N/A       26%         3
 Sigil of Binding         Hex            5%         N/A       32%         3
 Dimensional Bullseye     Hex/Tloc       3%         N/A       65%         4
 Summon Mana Viper        Hex/Summ       7%         N/A       94%         5
 Monstrous Menagerie      Summ           4%         N/A       100%        7


Dungeon Overview and Level Annotations

Branches:
Dungeon (3/15)

Altars:
Trog


Message History

Unknown command.
You hit the gnoll.
The gnoll is poisoned.
The gnoll is severely wounded.
The gnoll is engulfed in noxious fumes.
The gnoll appears confused.
The orc is engulfed in noxious fumes.
The orc appears confused.
You barely miss the orc.
The orc is almost dead.
You kill the orc!
You kill the gnoll!
Your Fighting skill increases to level 1!
Your Conjurations skill increases to level 2!
Unknown command.
Unknown command.
You hit the gnoll.
The gnoll is lightly wounded.
The gnoll is engulfed in noxious fumes.
The gnoll appears confused.
The gnoll hits you with a +0 flail.
You barely miss the gnoll.
The gnoll is lightly wounded.
The gnoll is engulfed in noxious fumes.
The gnoll appears confused.
The gnoll hits you with a +0 flail!
You hit the gnoll.
The gnoll is poisoned.
The gnoll is moderately wounded.
The gnoll is engulfed in noxious fumes.
The gnoll appears confused.
The gnoll hits you with a +0 flail.
* * * LOW HITPOINT WARNING * * *
The gnoll is engulfed in noxious fumes.
The gnoll appears confused.
Casting: Mephitic Cloud (extremely dangerous; 26% risk of failure)
Confirm with . or Enter, or press ? or * to list all spells.
Aiming: Mephitic Cloud (extremely dangerous; 26% risk of failure)
Press: ? - help, Shift-Dir - straight line, f - gnoll
Aim: a gnoll, wielding a +0 flail (chance to affect: 91%)
You miscast Mephitic Cloud.
Nothing appears to happen.
The gnoll closely misses you.
The gnoll barely misses the gnoll.
Casting: Mephitic Cloud (extremely dangerous; 26% risk of failure)
Confirm with . or Enter, or press ? or * to list all spells.
You don't have enough magic to cast this spell.
Unknown command.
The gnoll attacks as it pursues you! The gnoll hits you with a +0 flail!
Ouch! That really hurt!
You die...

########.#### #.##
#.#... #..).# #.#
#.####
.......###.####
#.#####.# .......
#....# #.##....#
.......
####.#####.##.#######
.......
#.......##.#<.....
......#
#>########.#..####
#####. #.#..#
#.#...... #+ #@#..#
#.####.#.
#.g.g#####....#...
###.)...$####.####
#)○.)..# #)....
##.....# ######
.....# .......
....... .......


You could see 2 gnolls.

Vanquished Creatures
  A gnoll (D:3)
  A dart slug (D:1)
  An orc (D:3)
  3 ball pythons
  6 bats
  4 endoplasms
  9 goblins
  4 hobgoblins
  4 frilled lizards
  5 kobolds
  5 rats
43 creatures vanquished.

Notes
Turn   | Place    | Note
-------+----------+-------------------------------------------
     0 | D:1      | pokeman the Deep Elf Hedge Wizard began the quest for the
                  | Orb.
     0 | D:1      | Reached XP level 1. HP: 10/10 MP: 7/7
   452 | D:1      | Reached XP level 2. HP: 16/16 MP: 5/9
   933 | D:1      | Reached skill level 5 in Spellcasting
  1251 | D:2      | Reached XP level 3. HP: 20/20 MP: 6/11
  1255 | D:2      | Learned a level 3 spell: Mephitic Cloud
  1258 | D:2      | Learned a level 2 spell: Call Imp
  1261 | D:2      | Learned a level 2 spell: Blink
  1566 | D:2      | Found a bloodstained altar of Trog.
  2013 | D:3      | Reached skill level 1 in Armour
  2142 | D:3      | Reached skill level 1 in Fighting
  2147 | D:3      | Slain by a gnoll

Illustrated notes

Levels and vault maps discovered:
D:1:      saegor_arrival_simple_d, layout_basic
D:2:      layout_rooms, basic_altar
D:3:      layout_basic, cheibriados_altar_1

Skill      XL: |  1  2  3 |
---------------+----------+-----
Spellcasting   | 5 |  5.4
Armour         | 1 |  1.0
Fighting       | 1 |  1.0
Conjurations   | 2 |  2.0
Dodging        | |  2.5
Stealth        | |  2.4
Summonings     | |  1.1
Translocations | |  1.1

Action                     || total
---------------------------++-------
  Melee: Dagger            ||     8
   Cast: Magic Dart        ||    85
         Mephitic Cloud    ||     1
 Armour: Robe              ||    10
  Dodge: Dodged            ||     9

Table legend: (Time is in decaauts)
 A = Elapsed time spent in this place.
 B = Non-inter-level travel time spent in this place.
 C = Inter-level travel time spent in this place.
 D = Time resting spent in this place.
 E = Time spent auto-exploring this place.
 F = Levels seen in this place.
 G = Mean time per level.
                   A        B        C        D        E       F      G
               +--------+--------+--------+--------+--------+-----+--------+
         Total |   2146 |   2126 |     20 |      0 |   1921 |   3 |  715.3 |
       Dungeon |   2146 |   2126 |     20 |      0 |   1921 |   3 |  715.3 |
               +--------+--------+--------+--------+--------+-----+--------+

Top non-repeatable levels by time:
     D:1: 1205 daAuts
     D:2: 647 daAuts
     D:3: 293 daAuts
